 Dungeon Crawl Stone Soup version 0.19-a0-1097-g38e3b35 (webtiles) character file.

9 4thArraOfDagon the Vexing (level 2, 26/26 HPs)
             Began as a Troll Arcane Marksman on Aug 8, 2016.
             Was a Follower of Yredelemnul.
             Quit the game on level 2 of the Dungeon.
             The game lasted 00:00:28 (104 turns).

4thArraOfDagon the Vexing (Troll Arcane Marksman)    Turns: 104, Time: 00:00:30

Health: 26/26      AC:  5    Str: 18    XL:     2   Next: 3%
Magic:  2/2        EV: 10    Int:  9    God:    Yredelemnul [*.....]
Gold:   19         SH:  0    Dex:  9    Spells: 1 memorised, 2 levels left

rFire  . . .     SeeInvis .       - Unarmed
rCold  . . .     Gourm    +     a - +0 robe
rNeg   . . .     Faith    .     (no shield)
rPois  .         Spirit   .     (helmet restricted)
rElec  .         Dismiss  .     (no cloak)
rCorr  .         Reflect  .     (gloves unavailable)
SustAt .         Harm     .     (boots unavailable)
MR     .....                    (no amulet)
Stlth  +.........               (no ring)
                                (no ring)

@:
A: unfitting armour, claws 3, fast metabolism 3, gourmand, regeneration 2,
shaggy fur 1, tough skin 2
a: Animate Remains, Renounce Religion


You were on level 2 of the Dungeon.
You worshipped Yredelemnul.
Yredelemnul was aware of your devotion.
You were very full.

You visited 1 branch of the dungeon, and saw 2 of its levels.

You collected 19 gold pieces.

Inventory:

Missiles
 c - 4 large rocks (quivered)
 d - 2 throwing nets
Armour
 a - a +0 robe (worn)
Books
 b - a book of Debilitation

   Spells                             Type                      Level
   a - Corona                         Hexes                        1
   b - Slow                           Hexes                        2
   c - Gell's Gravitas                Hexes/Translocation          3
   d - Inner Flame                    Hexes/Fire                   3
   e - Cause Fear                     Hexes                        4
   f - Leda's Liquefaction            Hexes/Earth                  4
Comestibles
 f - 2 bread rations
 g - a beef jerky


   Skills:
 - Level 0.7 Fighting
 - Level 1.7 Throwing
 - Level 1.5 Dodging
 * Level 1.7 Unarmed Combat
 - Level 1.0 Spellcasting
 - Level 2.0 Hexes


You had 2 spell levels left.
You knew the following spells:

 Your Spells              Type           Power        Failure   Level  Hunger
a - Corona                Hex            #......      17%         1    ##.....


Dungeon Overview and Level Annotations

Branches:
Dungeon (2/15)

Altars:
Yredelemnul


Innate Abilities, Weirdness & Mutations

You are too large for most types of armour.
You have claws for hands.
Your metabolism is lightning-fast.
You like to eat raw meat.
You heal very quickly.
You are covered in fur. (AC +1)
You have very tough skin. (AC +2)


Message History

The bat hits you but does no damage.
You scratch the bat.
You kill the bat!
You have reached level 2!
Autopickup is now off.
You see here a bat corpse.
You butcher the bat corpse.
You see here a chunk of flesh.
Eat a chunk of flesh? (ye/n/q)
You start eating the chunk of flesh.
You continue eating. x2
You finish eating.
This raw flesh tastes great.
There is a faded altar of an unknown god here.
You cannot tell which god this altar belongs to.
Convert to them anyway?
Yredelemnul accepts your prayer! Yredelemnul welcomes you!
You can now animate remains.
You see here 12 gold pieces.
You now have 19 gold pieces (gained 12).
Are you sure you want to abandon this character and quit the game? (Confirm with "yes".)

############
.......@...#
##########.#
#.# #.##
#..#######
#........#
#...8....#
#..8.8...#
#.8._.8..#


There were no monsters in sight!

Vanquished Creatures
  A dart slug (D:1)
  A giant gecko (D:1)
  A bat (D:2)
  A hobgoblin (D:1)
  2 rats (D:1)
6 creatures vanquished.

Notes
Turn   | Place    | Note
-------+----------+-------------------------------------------
     0 | D:1      | 4thArraOfDagon the Troll Arcane Marksman began the quest for the Orb.
     0 | D:1      | Reached XP level 1. HP: 18/18 MP: 1/1
    48 | D:1      | Reached skill level 1 in Unarmed Combat
    78 | D:2      | Found a faded altar of an unknown god.
    84 | D:2      | Reached XP level 2. HP: 26/26 MP: 2/2
    93 | D:2      | Became a worshipper of Yredelemnul the Dark
    93 | D:2      | Reached * piety under Yredelemnul
   104 | D:2      | Quit the game

Vault maps used:
D:1:      minmay_arrival_plants_in_alcoves
D:2:      first_bread, ecumenical_altar_2

Skill      XL: |  1 |
---------------+----+-----
Unarmed Combat | 1 |  1.7
Fighting       | |  0.7
Throwing       | |  1.7
Dodging        | |  1.5
Spellcasting   | |  1.0
Hexes          | |  2.0

Action                   || total
-------------------------++-------
Melee: Unarmed           ||    14
  Eat: Chunk             ||     4
Armor: Robe              ||    11
Dodge: Dodged            ||     5
